Cogmind - Beta 13 @@@ ROGUE MODE // 2024.05.09 @ 13:32:07 Player: Millea Result: Destroyed by AG-40212 with Assembled Focal Cannon Performance ------------- Evolutions (3) 1500 Regions Visited (8) 1600 Robots Destroyed (127) 635 Value Destroyed (4319) 4319 Prototype IDs (37) 740 Alien Tech Used (0) 0 Bonus (1600) 1600 TOTAL SCORE: 10394 Bonus ------- High Alert Combat Kills 307 Follower Combat Kills 202 Met Imprinter 300 Destroyed Z-Imprinter 1000 Friendly Fire -209 Cogmind --------- Core Integrity 0/700 Matter 245/300 Energy 94/100 System Corruption 0% Temperature Cool (63) Movement Walking (310) Ox2 Location -7/Deep Caves Parts ------- > --- POWER (2) -------- Zionite Light DM Reactor Zionite Light DM Reactor > --- PROPULSION (3) --- Zionite Composite Leg I Zionite Composite Leg I > --- UTILITY (6) ------ Improved Cooling System Huge Storage Unit Zionite Weapon Casing Hardened Heavy Armor Plating Force Field > --- WEAPON (2) ------- Zionite Phaser-S Zionite Laser-M > --- INVENTORY (25) --- Reinforced Deuterium Engine Zionite Light DM Reactor Experimental Heat Sink Experimental Heat Sink Improved Cooling System Zionite Weapon Casing Zionite Weapon Casing Zionite Light Carapace Zionite Light Carapace Zionite Light Carapace Mobile Refinery Mk. CCLXVII Zionite Laser-S Zionite Laser-S Zionite Laser-S Zionite Laser-S Heavy Rocket Launcher Heavy Rocket Launcher Heavy Rocket Launcher Peak State ------------ > --- POWER ------------ Zionite Light DM Reactor Zionite Light DM Reactor > --- PROPULSION ------- Light Treads Zionite Composite Leg I Zionite Composite Leg I > --- UTILITY ---------- Improved Cooling System Huge Storage Unit Zionite Biocell Zionite Biocell Zionite Weapon Casing Force Field > --- WEAPON ----------- Zionite Laser-M Zionite Laser-M > --- INVENTORY -------- Reinforced Deuterium Engine Zionite Light DM Reactor Experimental Heat Sink Experimental Heat Sink Improved Cooling System Zionite Weapon Casing Zionite Weapon Casing Zionite Light Carapace Zionite Light Carapace Zionite Light Carapace Hardened Heavy Armor Plating Makeshift System Shield High-powered Tractor Beam Mobile Refinery Mk. CCLXVII Hacking Drone Bay Zionite Laser-S Zionite Laser-S Zionite Laser-S Zionite Laser-S Zionite Phaser-S Zionite Laser-M Heavy Rocket Launcher Heavy Rocket Launcher Heavy Rocket Launcher [Rating: 87] Favorites ----------- Power Reinforced Deuterium Engine Engine Reinforced Deuterium Engine Power Core Light Nuclear Core Reactor Zionite Light DM Reactor Propulsion Light Treads Treads Light Treads Leg Zionite Composite Leg I Wheel Armored Wheel Hover Unit Zionite Glidesys I Utility Huge Storage Unit Device Force Field Storage Huge Storage Unit Processor Advanced Targeting Computer Hackware Hacking Suite Protection Improved Light Armor Plating Weapon Cooled Particle Cannon Energy Gun Medium Laser Energy Cannon Cooled Particle Cannon Ballistic Gun High-powered Shotgun Ballistic Cannon Light Cannon Build | -11 -10 -10 -9 -8 -7 -7 -7 -7 ------- Run | Yrd Mat Min Mat Mat Fac Low Zio Dee Slots Evolved 6 | . . . 2 2 2 . . . Power 1 | . . . . . 1 . . . Propulsion 1 | . . . . 1 . . . . Utility 4 | . . . 2 1 1 . . . Weapon . | . . . . . . . . . Parts Attached 145 | 6 23 . 26 22 26 6 1 35 Power 16 | 1 4 . 4 1 3 . . 3 Engine 8 | 1 4 . 1 . 2 . . . Core 5 | . . . 3 1 1 . . . Reactor 3 | . . . . . . . . 3 Propulsion 32 | 2 8 . 4 6 6 1 . 5 Treads 25 | 2 6 . 3 6 6 1 . 1 Leg 4 | . 2 . . . . . . 2 Wheel 1 | . . . 1 . . . . . Hover 2 | . . . . . . . . 2 Flight . | . . . . . . . . . Utility 61 | 1 5 . 13 9 8 4 1 20 Device 23 | . 4 . 3 4 2 3 1 6 Storage 10 | 1 1 . 2 1 1 . . 4 Processor 4 | . . . 2 . 2 . . . Hackware 4 | . . . 3 . 1 . . . Protection 20 | . . . 3 4 2 1 . 10 Artifact . | . . . . . . . . . Weapon 36 | 2 6 . 5 6 9 1 . 7 Energy Gun 14 | 1 3 . 2 . 1 . . 7 Energy Cannon 8 | . . . 3 3 1 1 . . Ballistic Gun 12 | 1 2 . . 3 6 . . . Ballistic Cannon 2 | . 1 . . . 1 . . . Launcher . | . . . . . . . . . Special Weapon . | . . . . . . . . . Impact Weapon . | . . . . . . . . . Slashing Weapon . | . . . . . . . . . Piercing Weapon . | . . . . . . . . . Special Melee Weapon . | . . . . . . . . . Unidentified Prototypes 21 | . . . 2 1 3 . . 15 Parts Lost 39 | . 5 . 7 8 5 2 . 12 Power 3 | . 2 . 1 . . . . . Propulsion 14 | . 1 . 3 3 . 1 . 6 Utility 16 | . 1 . 2 5 3 1 . 4 Weapon 6 | . 1 . 1 . 2 . . 2 Highest Loss Streak 5 | . 3 . 2 2 1 1 . 5 To Critical Strikes . | . . . . . . . . . Average Slot Usage (%) 98 | . 97 100 99 94 99 99 100 94 Engine 9 | . 13 14 . 6 10 15 15 7 Core 2 | . . . 10 2 4 . . . Reactor 1 | . . . . . . . . 7 Treads 21 | . 25 28 21 24 23 22 23 11 Leg 1 | . 1 . . . . . . 6 Device 13 | . 13 14 12 16 12 13 15 15 Storage 9 | . 14 14 11 11 7 7 7 13 Processor 5 | . . . 6 . 9 8 7 2 Hackware 2 | . . . 6 . 6 2 . . Protection 9 | . . . 7 14 7 11 15 9 Energy Gun 4 | . 13 14 10 . . . . 6 Energy Cannon 7 | . . . 8 16 . 13 15 8 Ballistic Gun 3 | . 9 . . 1 14 . . . Ballistic Cannon 1 | . 4 14 3 . . 1 . . Naked Turns . | . . . . . . . . . Heaviest Build 158 | 11 51 49 105 112 130 140 140 158 Greatest Support 68 | 40 40 40 40 60 68 68 68 68 Greatest Overweight (x) 7 | . 3 1 5 2 2 3 2 7 Average Overweight (x) 1 | . . 1 1 1 1 2 2 2 Largest Inventory Capacity 25 | 8 20 20 25 25 25 25 25 25 Average Capacity 23 | 7 15 20 21 25 25 25 25 25 Most Carried 25 | 6 10 13 20 25 25 25 25 25 Average Carried 21 | 3 8 12 18 21 24 24 24 24 Final Capacity 25 | 8 20 20 25 25 25 25 25 25 Final Carried 25 | 6 10 13 20 25 24 25 25 18 Class Distribution -------------------- 62% | Mutant 36% | Scavenger-Mutant Dominant Class ---------------- Mutant | -10/Materials Mutant | -10/Mines Scavenger-Mutant | -9/Materials Scavenger-Mutant | -8/Materials Scavenger-Mutant | -7/Factory Mutant | -7/Lower Caves Mutant | -7/Zion Mutant | -7/Deep Caves Resources | -11 -10 -10 -9 -8 -7 -7 -7 -7 ----------- Run | Yrd Mat Min Mat Mat Fac Low Zio Dee Matter Collected 2723 | 256 376 . 327 308 997 135 79 245 Remotely . | . . . . . . . . . Salvage Created 5057 | . 639 . 1575 1338 853 131 . 521 Parts 267 | . 48 . 75 66 45 5 . 28 Haulers Intercepted 5 | . 1 . 3 1 . . . . Recyclers Shooed 2 | . . . . 1 1 . . . Parts Field Recycled . | . . . . . . . . . Retrieved Matter . | . . . . . . . . . Parts Self-Destructed 9 | . . . . . . 5 4 . Prevented . | . . . . . . . . . Kills | -11 -10 -10 -9 -8 -7 -7 -7 -7 ------- Run | Yrd Mat Min Mat Mat Fac Low Zio Dee Combat Hostiles Destroyed 101 | . 15 . 29 27 20 2 . 8 Guns 42 | . 11 . 10 1 20 . . . Cannons 54 | . 4 . 18 23 . 2 . 7 AOE 1 | . . . . 1 . . . . Classes Destroyed 18 | . 8 . 2 5 1 1 . 1 Worker 5 | . 1 . 1 2 1 . . . Builder 1 | . . . . 1 . . . . Tunneler 1 | . 1 . . . . . . . Hauler 5 | . 1 . 3 1 . . . . Recycler 4 | . 1 . 1 1 1 . . . Operator 3 | . . . 2 . 1 . . . Watcher 7 | . 2 . 3 1 1 . . . Swarmer 16 | . 6 . . 7 3 . . . Grunt 49 | . 7 . 21 12 9 . . . Brawler 3 | . . . . 3 . . . . Duelist 1 | . . . . 1 . . . . Protector 2 | . . . . 2 . . . . Sentry 9 | . . . 8 . 1 . . . Hunter 3 | . . . . 2 . 1 . . Programmer 7 | . . . . . 7 . . . Behemoth 1 | . . . . . . 1 . . Subdweller 2 | . 2 . . . . . . . Z-Technician 1 | . . . . . . . . 1 Z-Light 7 | . . . . . . . . 7 Best Kill Streak 10 | . 5 . 5 10 4 1 . 3 Combat Bots Only 6 | . 4 . 5 6 4 1 . 3 Max Kills in Single Turn 2 | . 1 . 1 2 1 1 . 1 Gunslinging . | . . . . . . . . . Exploded 1 | . . . . 1 . . . . Melee . | . . . . . . . . . Uniques/NPCs Destroyed 1 | . . . . . . . . 1 Z-Imprinter (-7/Deep Caves) Combat | -11 -10 -10 -9 -8 -7 -7 -7 -7 -------- Run | Yrd Mat Min Mat Mat Fac Low Zio Dee Hostile Shots Fired 761 | . 89 . 128 149 239 52 . 104 Missed 202 | . 22 . 30 37 72 21 . 20 Damage Taken 8360 | . 750 . 1327 1556 1944 333 . 2450 Core 1197 | . 98 . 223 157 241 33 . 445 Absorbed by Shields 1288 | . . . . 128 376 207 . 577 Redirected to Shielding 69 | . . . . . . . . 69 Regen/Repaired (Parts) 20 | . 20 . . . . . . . Core Remaining (%) 68 | 100 . 60 44 71 . . . . Volleys Fired 364 | . 49 . 96 83 87 13 4 32 Largest 2 | . 2 . 2 2 2 2 1 2 Hottest 180 | . 85 . 136 136 50 180 90 180 Shots Fired 697 | . 98 . 182 150 177 25 4 61 Gun 361 | . 78 . 84 10 177 . . 12 Cannon 336 | . 20 . 98 140 . 25 4 49 Launcher . | . . . . . . . . . Special . | . . . . . . . . . Kinetic 258 | . 49 . 21 10 177 1 . . Thermal 433 | . 49 . 161 140 . 24 4 55 Explosive . | . . . . . . . . . Electromagnetic . | . . . . . . . . . Phasic 6 | . . . . . . . . 6 Robot Hit Streak 25 | . 15 . 25 10 22 8 . 7 Robot Miss Streak 6 | . 5 . 6 5 5 1 . 5 Penetration Max . | . . . . . . . . . Secondary Targets 7 | . 3 . . . 4 . . . Max Gunslinging Chain 1 | . 1 . . . 1 . . . Shots Hit Robots 465 | . 58 . 118 96 146 16 . 31 Core Hits 207 | . 30 . 52 49 56 5 . 15 Critical Kills 5 | . . . . 3 1 . . 1 Critical Parts Destroyed . | . . . . . . . . . Critical Strikes 15 | . 3 . 7 3 1 . . 1 Burn 8 | . 2 . 6 . . . . . Meltdown 4 | . . . . 3 . . . 1 Destroy 1 | . . . . . 1 . . . Blast 2 | . 1 . 1 . . . . . Melee Attacks . | . . . . . . . . . Impact . | . . . . . . . . . Slashing . | . . . . . . . . . Piercing . | . . . . . . . . . Sneak Attacks . | . . . . . . . . . Combat Hostiles . | . . . . . . . . . Follow-up Attacks . | . . . . . . . . . Damage Inflicted 10562 | . 887 2 2487 2371 2796 613 . 1406 Guns 4824 | . 636 . 1071 110 2790 . . 217 Cannons 5501 | . 251 . 1392 2056 . 613 . 1189 Explosions 205 | . . . . 205 . . . . Melee . | . . . . . . . . . Ramming 32 | . . 2 24 . 6 . . . Kinetic 3555 | . 461 . 194 110 2790 . . . Thermal 6638 | . 426 . 2269 2056 . 613 . 1274 Explosive 205 | . . . . 205 . . . . Electromagnetic . | . . . . . . . . . Impact . | . . . . . . . . . Slashing . | . . . . . . . . . Piercing . | . . . . . . . . . Phasic 132 | . . . . . . . . 132 Highest Corruption 13 | . . . . . 13 13 13 . Average Corruption 10 | . . . . . 8 13 13 . Corruption Purged . | . . . . . . . . . Corruption Blocked . | . . . . . . . . . Effects 171 | . . . . . 95 70 6 . Message Errors 35 | . . . . . 22 11 2 . Matter Fused 35 | . . . . . 15 19 1 . Heat Flow Errors 27 | . . . . . 13 11 3 . Energy Discharges 20 | . . . . . 10 10 . . Parts Fused 2 | . . . . . . 2 . . Data Loss (minor) 30 | . . . . . 22 8 . . Data Loss (major) 6 | . . . . . 3 3 . . Misfires 10 | . . . . . 6 4 . . Alerts 2 | . . . . . 1 1 . . Weapon Failures 4 | . . . . . 3 1 . . Overload Shots 23 | . . . . . . 5 3 15 Effects 1 | . . . . . . . 1 . Heat Surge 1 | . . . . . . . 1 . Overflow Damage 114 | . . . 32 6 . . . 76 Projectiles 114 | . . . 32 6 . . . 76 Explosions . | . . . . . . . . . Melee . | . . . . . . . . . Knockbacks 3 | . 2 . 1 . . . . . Impact . | . . . . . . . . . Kinetic 3 | . 2 . 1 . . . . . Secondary . | . . . . . . . . . Self-Inflicted Damage . | . . . . . . . . . Shots . | . . . . . . . . . Rammed 6 | . . 1 4 . 1 . . . Targets Rammed 7 | . . 1 5 . 1 . . . Kicked . | . . . . . . . . . Crushed 1 | . . . 1 . . . . . Highest Temperature 387 | . 319 . 324 267 258 272 229 387 Average Temperature 106 | . 101 . 96 83 102 103 77 167 Received Heat Transfer 2480 | . 264 . 669 671 353 24 . 499 Effects 6 | . . . 4 . 1 . . 1 Energy Bleed 2 | . . . 1 . 1 . . . Interference 3 | . . . 3 . . . . . Damage (minor) 1 | . . . . . . . . 1 Siege Activations . | . . . . . . . . . Robots Corrupted . | . . . . . . . . . Combat Hostiles . | . . . . . . . . . Parts Fried . | . . . . . . . . . Impact Corruptions . | . . . . . . . . . Robots Melted 5 | . . . 1 3 . . . 1 Combat Hostiles 4 | . . . 1 2 . . . 1 Parts Melted 30 | . 1 . 13 11 . . . 5 Heat Transferred 11623 | . 1275 . 4625 3407 . 774 . 1542 Parts Sabotaged . | . . . . . . . . . Parts Stolen . | . . . . . . . . . Parts Stripped . | . . . . . . . . . Power Chain Reactions . | . . . . . . . . . Alert | -11 -10 -10 -9 -8 -7 -7 -7 -7 ------- Run | Yrd Mat Min Mat Mat Fac Low Zio Dee Peak Influence 848 | . 217 10 457 848 398 . . . Initial 313 | . . 10 . 193 313 . . . Average 244 | . 69 5 230 588 296 . . . Maximum Alert Level 3 | . 1 . 2 3 1 . . . Low Security (%) 41 | 100 96 100 46 12 7 . . . Level 1 48 | . 3 . 43 7 92 . . . Level 2 6 | . . . 9 36 . . . . Level 3 4 | . . . . 43 . . . . Level 4 . | . . . . . . . . . Level 5 . | . . . . . . . . . High Security . | . . . . . . . . . Max Security . | . . . . . . . . . Squads Dispatched 21 | . 2 . 7 3 9 . . . Investigation 4 | . 1 . 2 . 1 . . . Extermination 7 | . . . . . 7 . . . Reinforcement 8 | . 1 . 5 1 1 . . . Assault 2 | . . . . 2 . . . . Garrison . | . . . . . . . . . Intercept . | . . . . . . . . . Searches Triggered . | . . . . . . . . . Construction Impeded 1 | . . . 1 . . . . . Haulers Reinforced . | . . . . . . . . . Active Scanning Responses . | . . . . . . . . . Cargo Convoy Interrupts . | . . . . . . . . . Stealth | -11 -10 -10 -9 -8 -7 -7 -7 -7 --------- Run | Yrd Mat Min Mat Mat Fac Low Zio Dee Distress Signals 3 | . 2 . . 1 . . . . Communications Jammed . | . . . . . . . . . Distress Signals . | . . . . . . . . . Times Spotted 139 | . 24 . 38 35 30 2 . 10 Peak Tracking Total 5 | . 4 . 3 5 4 1 . 3 Tactical Retreats 3 | . 1 . . 1 1 . . . Traps | -11 -10 -10 -9 -8 -7 -7 -7 -7 ------- Run | Yrd Mat Min Mat Mat Fac Low Zio Dee Traps Triggered 6 | . 4 . 1 . 1 . . . Indirectly . | . . . . . . . . . Trap Hack Attempts . | . . . . . . . . . Triggered . | . . . . . . . . . Disarmed . | . . . . . . . . . Reprogrammed . | . . . . . . . . . Reused . | . . . . . . . . . Traps Extracted . | . . . . . . . . . Installed . | . . . . . . . . . Triggered . | . . . . . . . . . Machines | -11 -10 -10 -9 -8 -7 -7 -7 -7 ---------- Run | Yrd Mat Min Mat Mat Fac Low Zio Dee Machines Disabled 9 | . . . 1 4 . . 3 1 Max in Single Turn 2 | . . . 1 2 . . 1 . Garrison Access 1 | . . . . 1 . . . . Machines Repaired . | . . . . . . . . . Machines Dismantled . | . . . . . . . . . Machines Sabotaged . | . . . . . . . . . Overloaded Fab Kills . | . . . . . . . . . Hacking | -11 -10 -10 -9 -8 -7 -7 -7 -7 --------- Run | Yrd Mat Min Mat Mat Fac Low Zio Dee Machines Accessed 30 | . 7 1 10 2 9 1 . . Terminals 19 | . 5 . 7 1 6 . . . Fabricators 1 | . . . . . 1 . . . Repair Stations 3 | . 1 . 1 . 1 . . . Recycling Units 2 | . 1 . 1 . . . . . Scanalyzers 2 | . . . 1 . 1 . . . Garrison Access 1 | . . . . 1 . . . . Total Hacks 85 | . 17 1 43 5 18 1 . . Successful 33 | . 8 1 15 1 7 1 . . Failed 51 | . 9 . 27 4 11 . . . Catastrophic 8 | . 2 . 5 . 1 . . . Database Lockouts 1 | . . . 1 . . . . . Manual 40 | . 11 . 27 . 2 . . . Terminals 62 | . 14 . 33 2 13 . . . Fabricators 2 | . . . . . 2 . . . Repair Stations 6 | . 2 . 2 . 2 . . . Recycling Units 5 | . 1 . 4 . . . . . Scanalyzers 5 | . . . 4 . 1 . . . Garrison Access 3 | . . . . 3 . . . . Terminal Hacks 24 | . 5 1 10 1 6 1 . . Part Schematic 2 | . . . 1 . 1 . . . Robot Analysis 7 | . 3 . 4 . . . . . Prototype ID Bank 8 | . 1 . 3 1 3 . . . Open Door 2 | . . 1 . . . 1 . . Branch Access Points 1 | . . . . . 1 . . . Fabricator Index 1 | . . . . . 1 . . . Unreport Threat 3 | . 1 . 2 . . . . . Fabricator Hacks . | . . . . . . . . . Repair Station Hacks 3 | . 2 . . . 1 . . . Scan Component 2 | . 1 . . . 1 . . . Repair 1 | . 1 . . . . . . . Recycling Unit Hacks 2 | . . . 2 . . . . . Retrieve Components 2 | . . . 2 . . . . . Scanalyzer 3 | . . . 3 . . . . . Insert Component 2 | . . . 2 . . . . . Analyze 1 | . . . 1 . . . . . Garrison Access Hacks . | . . . . . . . . . Unauthorized Hacks 1 | . 1 . . . . . . . Terminals . | . . . . . . . . . Fabricators . | . . . . . . . . . Repair Stations . | . . . . . . . . . Recycling Units 1 | . 1 . . . . . . . Tunnel 1 | . 1 . . . . . . . Scanalyzers . | . . . . . . . . . Garrison Access . | . . . . . . . . . Data Cores Recovered 1 | . . . . . 1 . . . Used . | . . . . . . . . . Hacking Detections 26 | . 5 . 10 2 9 . . . Full Trace Events 3 | . . . 1 1 1 . . . Feedback Events . | . . . . . . . . . Feedback Blocked . | . . . . . . . . . Robot Schematics Acquired 3 | . . . . . . . 3 . Robots Built . | . . . . . . . . . Authchips . | . . . . . . . . . Time . | . . . . . . . . . Total Robot Build Rating . | . . . . . . . . . Part Schematics Acquired 18 | . . . 2 . 1 . 15 . Parts Built . | . . . . . . . . . Authchips . | . . . . . . . . . Time . | . . . . . . . . . Total Part Build Rating . | . . . . . . . . . Parts Repaired 1 | . 1 . . . . . . . Time 38 | . 38 . . . . . . . Parts Recycled . | . . . . . . . . . Recycled Matter . | . . . . . . . . . Retrieved Matter . | . . . . . . . . . Retrieved Components 10 | . . . 10 . . . . . Parts Scanalyzed 2 | . . . 2 . . . . . Part Schematics Acquired 1 | . . . 1 . . . . . Parts Damaged 1 | . . . 1 . . . . . Bothacking | -11 -10 -10 -9 -8 -7 -7 -7 -7 ------------ Run | Yrd Mat Min Mat Mat Fac Low Zio Dee Used RIF Installer . | . . . . . . . . . Robots Hacked . | . . . . . . . . . Non-combat . | . . . . . . . . . Combat . | . . . . . . . . . Robot Hacks Applied . | . . . . . . . . . Relay Couplers Released 2 | . . . . 2 . . . . Machine Destruction 2 | . . . . 2 . . . . Fabnet Peak Effective % . | . . . . . . . . . Robots Rewired . | . . . . . . . . . Allies Hacked . | . . . . . . . . . Hacks Repelled . | . . . . . . . . . Allies | -11 -10 -10 -9 -8 -7 -7 -7 -7 -------- Run | Yrd Mat Min Mat Mat Fac Low Zio Dee Total Allies 6 | . . . . . 3 . 3 . Largest Group 3 | . . . . . 3 . 3 3 Highest-Rated Group 93 | . . . . . 93 . 90 90 Highest-Rated Ally 31 | . . . . . 31 . 31 31 Total Orders . | . . . . . . . . . Ally Attacks 92 | . . . . . 41 . . 51 Total Damage 1137 | . . . . . 630 . . 507 Kills 10 | . . . . . 5 . . 5 Allies Corrupted . | . . . . . . . . . Allies Melted 1 | . . . . . . . . 1 Intel | -11 -10 -10 -9 -8 -7 -7 -7 -7 ------- Run | Yrd Mat Min Mat Mat Fac Low Zio Dee Robot Analysis Total 7 | . 3 . 4 . . . . . Derelict Logs Recovered 4 | . . 1 . . . 2 1 . Drone Launches . | . . . . . . . . . Drone Recoveries . | . . . . . . . . . Exploration | -11 -10 -10 -9 -8 -7 -7 -7 -7 ------------- Run | Yrd Mat Min Mat Mat Fac Low Zio Dee Turns Passed 15926 | 84 1283 728 2880 851 3166 1791 2701 2442 Spaces Moved 4998 | 46 491 302 946 214 991 523 824 661 Core 4 | 3 1 . . . . . . . Treads 4539 | 43 490 302 931 214 991 523 824 221 Legs 345 | . . . . . . . . 345 Wheels 15 | . . . 15 . . . . . Hover 95 | . . . . . . . . 95 Flight . | . . . . . . . . . Fastest Speed 50 | 50 160 240 165 240 240 326 326 310 Average Speed 286 | 152 212 240 261 254 285 330 326 338 Slowest Speed 720 | 160 320 240 400 320 326 410 326 720 Overloaded Moves . | . . . . . . . . . Propulsion Burnouts . | . . . . . . . . . Robots Hopped . | . . . . . . . . . Cave-ins Triggered . | . . . . . . . . . Exploration Rate (%) 57 | 4 78 58 83 27 33 70 88 78 Regions Visited 8 Branch Regions 4 Pre-discovered Areas 2 | . 1 1 . . . . . . Known Exits Taken 1 | . . . . . 1 . . . Unknown Exits Taken 7 | 1 1 1 1 1 . 1 1 . Scrap Searched 6 | . . . . . . 2 4 . Spaces Dug . | . . . . . . . . . Terrain Destroyed 54 | . . . 4 43 . 4 . 3 Melee . | . . . . . . . . . Projectile 18 | . . . 4 7 . 4 . 3 AOE 36 | . . . . 36 . . . . Terrain Rammed . | . . . . . . . . . Walls Destroyed . | . . . . . . . . . Machines Disabled . | . . . . . . . . . Actions | -11 -10 -10 -9 -8 -7 -7 -7 -7 --------- Run | Yrd Mat Min Mat Mat Fac Low Zio Dee Total 5922 | 57 631 305 1172 377 1172 563 839 806 Wait 166 | . 49 . 28 28 16 13 3 29 Move 4990 | 45 490 301 945 213 990 522 823 661 Hop . | . . . . . . . . . Pick Up 129 | 6 12 3 42 18 21 5 4 18 Fast Attach 52 | 6 15 . 3 6 4 2 . 16 Attach 35 | . 5 . 8 5 7 2 . 8 Detach 1 | . . . . . . . . 1 Swap 58 | . 3 . 15 11 15 2 1 11 Drop 120 | . 8 . 30 13 31 4 4 30 Fire 364 | . 49 . 96 83 87 13 4 32 Melee . | . . . . . . . . . Ram . | . . . . . . . . . Kick . | . . . . . . . . . Crush 7 | . . 1 5 . 1 . . . Escape Stasis . | . . . . . . . . . Rewire . | . . . . . . . . . Trap . | . . . . . . . . . Miscellaneous . | . . . . . . . . . Route ------- -11/Scrapyard -10/Materials (discovered 4 exits: *Mat x2 / *Min / [*Sub]) -10/Mines -9/Materials (discovered 5 exits: *Mat x3 / [*Min x2]) -8/Materials -7/Factory (discovered 4 exits: [*Fac x2] / *Low x2) -7/Lower Caves (discovered 2 exits: [*Low] / [*Zio]) -7/Zion (discovered 2 exits: [*Dee] / [*Pro]) -7/Deep Caves (discovered 1 exit: [*Pro]) History --------- Turn | Location | Event 46 | -11/Scrapyard | Discovered new exit (range 14) 85 | -11/Scrapyard | Entered Materials 305 | -10/Materials | Build established: Mutant 333 | -10/Materials | Discovered new exit (range 5) 507 | -10/Materials | Discovered new exit (range 10) 773 | -10/Materials | Repaired Imp. Terrain Scanner 1038 | -10/Materials | Lost 3 parts (1n1u1w) 1138 | -10/Materials | Discovered new exit (range 6) 1185 | -10/Materials | Derelicts attacked the area 1282 | -10/Materials | Discovered new exit (range 10) 1368 | -10/Materials | Entered Mines 1390 | -10/Mines | Learned location of Zion (-7) 1468 | -10/Mines | Met a Derelict who couldn't figure out how to use a Trap Extractor 1971 | -10/Mines | Discovered new exit (range 9) 2096 | -10/Mines | Entered Materials 2096 | -9/Materials | Evolved 2 slots: Utility x2 2289 | -9/Materials | Discovered new exit (range 15) 2906 | -9/Materials | Discovered new exit (range 15) 2923 | -9/Materials | Central database locked down 3464 | -9/Materials | Discovered new exit (range 4) 3541 | -9/Materials | Build established: Scavenger-Mutant 4538 | -9/Materials | Core integrity fell below 50% 4633 | -9/Materials | Discovered new exit (range 8) 4947 | -9/Materials | Discovered new exit (range 7) 4976 | -9/Materials | Entered another Materials area 4976 | -8/Materials | Evolved 2 slots: Propulsion x1, Utility x1 5376 | -8/Materials | First assault squad dispatched 5663 | -8/Materials | Discovered new exit (range 16) 5827 | -8/Materials | Entered Factory 5827 | -7/Factory | Evolved 2 slots: Power x1, Utility x1 6352 | -7/Factory | Build established: Mutant 6391 | -7/Factory | Discovered new exit (range 3) 6810 | -7/Factory | Allied Derelicts emerged from ambush trap array 7015 | -7/Factory | Discovered new exit (range 15) 7098 | -7/Factory | Discovered new exit (range 15) 7439 | -7/Factory | Build established: Scavenger-Mutant 7672 | -7/Factory | Identified exit to Lower Caves 7727 | -7/Factory | Discovered new exit (range 13) 8377 | -7/Factory | System corruption reached 10% 8993 | -7/Factory | Entered Lower Caves 9420 | -7/Lower Caves | Learned Factory non-interactive machine intel 9653 | -7/Lower Caves | Spotted B-75 Beast 9709 | -7/Lower Caves | Destroyed B-75 Beast 9836 | -7/Lower Caves | Learned Factory stockpile data 9975 | -7/Lower Caves | Build established: Mutant 10047 | -7/Lower Caves | Encountered a Warlord checkpoint 10073 | -7/Lower Caves | Discovered new exit (range 3) 10074 | -7/Lower Caves | A Derelict revealed a hidden shortcut to a safe place 10784 | -7/Lower Caves | Entered Zion 10807 | -7/Zion | Given A8's code to call for help 10899 | -7/Zion | System corruption cleaned by Quarantine Array 11120 | -7/Zion | Discovered new exit (range 13) 11319 | -7/Zion | Learned Factory emergency access door positions 11512 | -7/Zion | Learned Factory emergency access door positions 11856 | -7/Zion | Given the Hacking Drone Bay 11857 | -7/Zion | Found Prototype Device 12549 | -7/Zion | Found Prototype Device 12804 | -7/Zion | Gained Derelict followers 13472 | -7/Zion | Discovered new exit (range 3) 13472 | -7/Zion | Saw the warning signs outside the Deep Caves entrance 13485 | -7/Zion | Entered Deep Caves 13485 | -7/Deep Caves | Accompanied by 3 allies 14114 | -7/Deep Caves | Z-Facility disabled 14136 | -7/Deep Caves | Attacked by Z-Imprinter 14155 | -7/Deep Caves | Core integrity fell below 50% 14156 | -7/Deep Caves | Destroyed Z-Imprinter 14197 | -7/Deep Caves | Lost 4 parts (3n1u) 14244 | -7/Deep Caves | Found Prototype Protection 14244 | -7/Deep Caves | Identified Zio. Weapon Casing 14366 | -7/Deep Caves | Found Zio. Weapon Casing 14558 | -7/Deep Caves | Identified Mobile Refinery Mk. CCLXVII 14560 | -7/Deep Caves | Identified Hacking Drone Bay 14609 | -7/Deep Caves | Build established: Scavenger-Mutant 14753 | -7/Deep Caves | Lost 3 parts (2n1u) 14880 | -7/Deep Caves | Found Zio. Weapon Casing 14969 | -7/Deep Caves | Found Prototype Protection 14969 | -7/Deep Caves | Identified Zio. Heavy Carapace 14978 | -7/Deep Caves | Found Zio. Heavy Carapace 15260 | -7/Deep Caves | Build established: Mutant 15734 | -7/Deep Caves | Discovered new exit (range 6) 15889 | -7/Deep Caves | Spotted AG-40212 15913 | -7/Deep Caves | Core integrity fell below 20% 15927 | -7/Deep Caves | Destroyed by AG-40212 with Assembled Focal Cannon Last Messages --------------- 14968_ Dropped Zio. Biocell. 14969_ Acquired Prototype Protection. 14969_ Identified Zio. Heavy Carapace. 14971_ Extracted 6 energy. 14977_ Dropped Mak. System Shield. 14978_ Dropped Hpw. Tractor Beam. 14978_ Acquired Zio. Heavy Carapace. 14979_ Extracted 6 energy. 14982_ Identified Zio. Phaser-S. 14984_ Dropped Hacking Drone Bay. 14984_ Acquired Zio. Biocell. 14985_ Extracted 6 energy. 15734_ EXIT=FOUND 15890_ Zio. Laser-M destroyed. 15891_ AG-40212: "DSI9AT1D G8OHIBQ29FWG 26R186 QD12WHW8W33 TDK1 81FTS" 15893_ Dropped Zio. Biocell. 15899_ Zio. Laser-M destroyed. 15899_ Zio. Heavy Carapace destroyed. 15916_ Lgt. Treads destroyed. Map ----- +----------------------------------------------------+ | ?????????????????????????????# ##### | | ?????????????????????????????# ### #???#### | | ?????????????????????????????# #"# #??????## | | ?????????????????????????????# # # #???????## | | ?????????????????????????????# #????????### | | ?????????????????????????????### ##??????##### | | ???????????????????????????????# #???????# ## | | ???????????????????????????????# #???????# ### | | ???????????????????????????????# #??????## #?# | | ???????????????????????????????# #?????## ##?## | | ?????????????????????? ????# #???### ##??# | | ???????????????????? ! ??## ##?## ##?? | | ????????????????? #??# ### #?? | | ??????????????? l ##?# #?? | | ????????????? b #?# #?# | | ????????????? #?# ## ##?# | | ???????????? = !! #?## ##### #?# | | ???????????? *== * #??# #???#### #?# | | ??????????? *! #??# #??????### #?? | | ??????????? s #??# #????????# #?# | | ??????????? l #?## #????????# ### | | ?????????? = h ### #????????# ## | | ?????????? ## ##????????# # | | ????????? h ; ##??????## | | ????????? # #####??# | | ????????? = @ # #### | | ????????? G ** ## ## | | ??????????" s #### | | ?????????? ### ##??## | | ?????????? ;####?# #???## | | ??????????? ##????# #??## | | ??????????? ##?????# ##??# | | ??????????? # # #??????## ##???# | | ???????????? #### ## ## ##???????######????# | | ???????????? #????# ?# ?###??????????????????### | | ???????????????????#??# ????????????????????????? | | ???????????????????????#????????????????????????? | | | | | | | | | | | | | | | | | | | | | | | | | | | +----------------------------------------------------+ Best States ------------- Heat Dissipation 69 Coolant Potential 65 Energy Generation 49 Energy Capacity 1680 Matter Stores 361 Matter Capacity 500 Sight Range 16 Terrain Scan Range 16 Terrain Scan Density 10 Armor Coverage 1200 Resistance: KI 30 Resistance: EM 15 Utility Shielding 66 Weapon Shielding 100 Evasion (%) 40 Targeting Accuracy 16 Recoil Reduction 3 Offensive Hacking 10 Defensive Hacking 20 Item Schematics ----------------- Huge Storage Unit | -9/Materials | Hacked Sub. Optics | -9/Materials | Scanalyzed Arm. Medium Treads | -7/Factory | Hacked Mak. Sword | -7/Zion | Archive Lyr. Medium Armor Plating | -7/Zion | Archive Adv. Assault Cannon | -7/Zion | Archive Gravmag System | -7/Zion | Archive Hvy. Battle Rifle | -7/Zion | Archive EM Disruption Field | -7/Zion | Archive Imp. Medium Treads | -7/Zion | Archive Imp. Arc Projector | -7/Zion | Archive Adv. Melee Analysis Suite | -7/Zion | Archive Mak. Thermal Plating | -7/Zion | Archive Phase Cannon | -7/Zion | Archive Energy Filter | -7/Zion | Archive Mak. Flight Unit | -7/Zion | Archive Imp. Transmission Jammer | -7/Zion | Archive HERF Cannon | -7/Zion | Archive Robot Schematics ------------------ G-47 Trooper | -7/Zion | Archive R-06 Scavenger | -7/Zion | Archive L-41 Fighter | -7/Zion | Archive Fabricated ------------ Nothing Alien Tech Used ----------------- None Achievements -------------- None Challenges ------------ None Game ------ Seed DecoderInertialJammer Manual? 0 Play Time 01:06:40 Cumulative 338.2 hours Start 2024.05.08 @ 21:46:00 End 2024.05.09 @ 13:32:07 Sessions 2 Manual Loads 0 Difficulty Rogue Special Mode None Game No. 246 Rogue 246 Adventurer 0 Explorer 0 Win Type - Total 12 Types 8/0/3/1/0/0/0/0/0 Lore% 80 Gallery% 88 Achievement% 75 Wizard Run 0 Options --------- Layout 2 ASCII 1 Keyboard 0 Movement Mouse Keybinds 0 Fullscreen 2 Font 24/Smallcaps Map View 50x44 Zoom Use 0% Tactical HUD 1 Map Filters NONE Filters NONE Steam 1 RUN: 72ce858e-39c5-4a43-9808-b8347cb3b00b